 Dungeon Crawl Stone Soup version 0.32-a0-871-ge202e49faa (webtiles) character file.

Game seed: 2490673341349349837

855 Lanoc the Insei (level 8, -6/43 HPs)
             Began as an Octopode Shapeshifter on Mar 29, 2024.
             Was a Follower of Dithmenos.
             Mangled by a gnoll
             ... wielding a +0 flail
             ... led by a gnoll bouda
              (11 damage)
             ... on level 5 of the Dungeon.
             The game lasted 00:08:47 (3911 turns).

Lanoc the Insei (Octopode Shapeshifter)             Turns: 3911, Time: 00:08:47

Health: -6/43      AC:  3    Str: 13    XL:     8   Next: 1%
Magic:  8/8        EV: 17    Int: 13    God:    Dithmenos [*.....]
Gold:   278        SH:  0    Dex: 13    Spells: 7/7 levels left

rFire   . . .        r - melded +4 dagger "Tetun" {elec, rPois}
rCold   . . .        (shield currently unavailable)
rNeg    . . .        (helmet restricted)
rPois   .            (no amulet)
rElec   .            (no ring)
rCorr   .            (no ring)
SInv    .            (no ring)
Will    .....        (no ring)
Stlth   ++           (no ring)
HPRegen 0.27/turn    (no ring)
MPRegen 0.11/turn    (no ring)
                     (no ring)

%: no passive effects
@: mighty, flux-form, hasted, glowing, very quick
A: glow, contaminating, reduced hp, almost no armour, amphibious, 8 rings,
camouflage 1, gelatinous body 1, (nimble swimmer 1), tentacles, antennae 1,
iridescent scales 1, subdued magic 1, MP-powered wands
a: Begin Untransformation, Renounce Religion


You were on level 5 of the Dungeon.
You worshipped Dithmenos.
Dithmenos was aware of your devotion.
You were something dangerously unstable.
You visited 1 branch of the dungeon, and saw 5 of its levels.
You also visited: Sewer.

You collected 278 gold pieces.

Inventory:

Hand Weapons
 r - the +4 dagger "Tetun" (melded) {elec, rPois}
   (You found it on level 3 of the Dungeon)

   rPois:     It protects you from poison.
Jewellery
 f - a ring of fire
Talismans
 b - a beast talisman
 c - a flux talisman (active)
Wands
 m - a wand of flame (45)
 o - a wand of iceblast (8)
 s - a wand of digging (3)
Scrolls
 d - 3 scrolls of fear
 g - 3 scrolls of teleportation
 i - 3 scrolls of revelation
 n - 2 scrolls of butterflies {unknown}
 q - a scroll of immolation
 u - a scroll of blinking
Potions
 a - 2 potions of lignification
 v - 2 potions of enlightenment
 w - a potion of resistance
 x - 2 potions of brilliance
 z - a potion of attraction


   Skills:
 + Level 3.3 Fighting
 + Level 4.0 Dodging
 + Level 3.0 Stealth
 * Level 5.6 Unarmed Combat
 * Level 5.3 Shapeshifting


You had 7 spell levels left.
You didn't know any spells.
Your spell library contained the following spells:

 Spells                   Type           Power      Damage    Failure   Level
 Static Discharge         Conj/Air       0%         3-3/arc   38%         2
 Dazzling Flash           Conj/Hex       0%         N/A       63%         3
 Airstrike                Air            0%         2d(0-16)  96%         4
 Summon Lightning Spire   Summ/Air       0%         N/A       96%         4
 Starburst                Conj/Fire      0%         6d3       100%        6
 Maxwell's Capacitive Co  Air            0%         ∞         100%        8


Dungeon Overview and Level Annotations

Branches:
Dungeon (5/15)              Sewer (visited)
 Temple: D:4-7

Altars:
Ashenzari
Dithmenos
Gozag
Ru
Xom

Shops:
D:4 [

Annotations:
D:5 Dowan, Duvessa


Innate Abilities, Weirdness & Mutations

You are something dangerously unstable.
You glow with magical radiation, making you easy to see and hit.
Foes you strike become dangerously contaminated with magical radiation.
Your maximum health is decreased, since you lack skill for your form.
You are incapable of wielding weapons or throwing items.
You cannot wear most types of armour.
You are amphibious.
You can wear up to eight rings at the same time.
Your skin changes colour to match your surroundings (Stealth+).
Your rubbery body absorbs attacks. (AC +1, EV +1)
((You are camouflaged when in or above water. (Stealth+)))
You have tentacles for arms and can constrict up to eight enemies at once.
You have a pair of small antennae on your head.
You are partially covered in iridescent scales. (AC +2)
Your spells are a little easier to cast, but a little less powerful.
You expend magic power (3 MP) to strengthen your wands.


Message History

The gnoll picks up the pace!
You hear a shout! x2
Duvessa, Sister of Dowan comes into view.
She is wielding a +0 short sword of protection.
Dowan, Brother of Duvessa comes into view.
He is wielding a +0 dagger.
The gnoll closely misses you.
The gnoll shouts!
You tentacle-slap the gnoll.
The gnoll begins to glow.
You grab the gnoll. You squeeze the gnoll!
You kill the gnoll!
Dithmenos accepts your kill.
You hear a howl!
Your Stealth skill increases to level 3!
Dowan mumbles some strange words.
Dowan blinks!
You tentacle-slap the gnoll bouda but do no damage.
The gnoll bouda begins to glow.
Your grab misses the gnoll bouda. The gnoll bouda completely misses you.
You bludgeon the gnoll bouda!
The gnoll bouda glows dangerously bright.
You grab the gnoll bouda. You squeeze the gnoll bouda.
The gnoll bouda is severely wounded.
You constrict the gnoll bouda.
The gnoll bouda hits you but does no damage.
You tentacle-slap the gnoll bouda.
You kill the gnoll bouda!
Dithmenos accepts your kill.
A sky beast comes into view.
Dowan casts a spell.
Dowan blinks!
The gnoll completely misses you.
Your Dodging skill increases to level 4!
You have reached level 8!
Duvessa attacks as she pursues you!
Duvessa hits you with a +0 short sword of protection.
* * * LOW HITPOINT WARNING * * *
You feel yourself speed up.
Duvessa hits you with a +0 short sword of protection!
* * * LOW HITPOINT WARNING * * *
The gnoll misses you. The gnoll attacks as it pursues you!
The gnoll hits you with a +0 flail!
You die...

l..........Y.......,,,,*~≈≈~,,**,
g..................,,,,~~≈≈~,,,,,
......#...#.......#####~≈≈~~,,,,,
......#..)#.........ßß~~≈≈~ßß,,,,
..........#................,,,,,,
.........##........ge......,,,,,,
.........#**#.....e.ßß~≈≈~~ßß,,*,
.........# #...g.####~≈≈§#,,,,,,
..#.####### ###.p..#*~~~≈~#,,,,,,
..#.#ß###ß###ß#....#*~~~~~#,,,,,,
..#.............)..#*~~~~**,,,,,,
..#.)..............#~~~~~**,,,,,,
..#.)).............#~~~~~**,,,,,,
...)#ß###⌠###ß#....#~~~~***,,,,,,
.†.)###########....#~~~~* *,,,,,,
..........#........#~~~~***,,,,,,
..........#........#~~~~~**,,,,,,


You could see Duvessa, Dowan and 2 gnolls.

Vanquished Creatures
  Sigmund (D:4)
  2 brain worms
  2 bombardier beetles
  2 gnoll boudas (D:5)
  3 iguanas (D:5)
  Terence (D:3)
  Ijyb (D:3)
  Natasha (D:2)
  8 gnolls (D:5)
  A river rat (Sewer)
  7 adders
  5 dart slugs
  5 ribbon worms
  14 orcs
  4 endoplasms
  6 giant cockroaches
  11 goblins
  7 hobgoblins
  3 jackals (D:2)
  5 quokkas
  10 ball pythons
  11 bats
  7 frilled lizards
  5 kobolds
  8 rats
130 creatures vanquished.

Notes
Turn   | Place    | Note
-------+----------+-------------------------------------------
     0 | D:1      | Lanoc the Octopode Shapeshifter began the quest for the
                  | Orb.
     0 | D:1      | Reached XP level 1. HP: 13/13 MP: 1/1
   146 | D:1      | Reached XP level 2. HP: 18/18 MP: 2/2
   449 | D:1      | Reached XP level 3. HP: 23/23 MP: 3/3
  1109 | D:2      | Reached XP level 4. HP: 19/28 MP: 4/4
  1254 | D:2      | Noticed Natasha
  1257 | D:2      | Killed Natasha
  1465 | D:3      | Found a broken altar of Ashenzari.
  1468 | D:3      | Noticed Terence
  1476 | D:3      | Killed Terence
  1477 | D:3      | Reached XP level 5. HP: 23/34 MP: 5/5
  1776 | D:3      | Noticed Ijyb
  1784 | D:3      | Killed Ijyb
  1865 | D:3      | Found a shadowy altar of Dithmenos.
  1879 | D:3      | Identified the +4 dagger "Tetun" {elec, rPois}
  1883 | D:3      | Became a worshipper of Dithmenos the Shadowed
  2116 | D:3      | Reached XP level 6. HP: 38/39 MP: 6/6
  2252 | D:4      | Noticed Sigmund
  2259 | D:4      | Killed Sigmund
  2260 | D:4      | Reached skill level 1 in Stealth
  2304 | D:4      | Found an opulent altar of Gozag.
  2304 | D:4      | Found an opulent altar of Gozag.
  2306 | D:4      | Found an opulent altar of Gozag.
  2314 | D:4      | Found an opulent altar of Gozag.
  2405 | D:4      | Found a glowing drain.
  2414 | D:4      | Reached XP level 7. HP: 27/45 MP: 7/7
  2427 | Sewer    | Entered a sewer
  2488 | Sewer    | Reached skill level 5 in Unarmed Combat
  2752 | Sewer    | Reached * piety under Dithmenos
  3209 | D:4      | Found a sacrificial altar of Ru.
  3209 | D:4      | Found Lyckuo's Antique Armour Shop.
  3254 | D:4      | Found a shimmering altar of Xom.
  3261 | D:4      | Reached skill level 5 in Shapeshifting
  3666 | D:5      | Entered Level 5 of the Dungeon
  3689 | D:5      | Gained mutation: You have a pair of small antennae on your
                  | head. [potion of mutation]
  3689 | D:5      | Gained mutation: Your spells are a little easier to cast,
                  | but a little less powerful. [potion of mutation]
  3689 | D:5      | Gained mutation: You are partially covered in iridescent
                  | scales. (AC +2) [potion of mutation]
  3689 | D:5      | Gained mutation: You expend magic power (3 MP) to
                  | strengthen your wands. [potion of mutation]
  3716 | D:5      | Noticed a wyvern
  3902 | D:5      | Noticed Duvessa
  3903 | D:5      | Noticed Dowan
  3909 | D:5      | Reached XP level 8. HP: 17/52 MP: 8/8
  3911 | D:5      | Mangled by a gnoll

Illustrated notes

Levels and vault maps discovered:
D:1:      dpeg_arrival_three_bigger_balls, layout_loops_ring
D:2:      layout_loops_cross, guppyfry_early_orc_mine, uniq_natasha
D:3:      layout_basic, grunt_dithmenos_smoke_and_mirrors,
          ashenzari_conservatory_becter, nrook_loot_triangle,
          kennysheep_minor_cross, uniq_ijyb, uniq_terence
D:4:      layout_loops_ring, xom_butterflies,
          nicolae_gozag_conspicuous_consumption, lemuel_doored_altar,
          gup_sewer_entry_glass, serial_library,
          serial_library_regret_index_multi,
          serial_library_hellmonk_open_square,
          serial_library_hellmonk_double_dead_end,
          serial_library_hellmonk_junction,
          serial_library_hellmonk_layered_room,
          serial_library_hellmonk_open_cross,
          serial_library_hellmonk_small_corner,
          serial_library_hellmonk_filled_rooms,
          serial_library_hellmonk_angled_corner,
          serial_library_regret_index_double_sided,
          serial_library_hellmonk_angled_corner, serial_shops,
          nicolae_shop_statue_plus, minmay_misc_feat_iff, uniq_sigmund
D:5:      wander_river, layout_basic, nicolae_uskayaw_dance_hall,
          enter_ossuary_3, corexii_hall_statues_i, uniq_duvessa

Skill      XL: |  1  2  3  4  5  6  7 |
---------------+----------------------+-----
Unarmed Combat | 4 5 |  5.6
Shapeshifting  | 4 5 |  5.3
Fighting       | 2 3 |  3.3
Dodging        | 3 4 |  4.0
Stealth        | 1 3 |  3.0

Action                     |  1- 3 |  4- 6 |  7- 9 || total
---------------------------+-------+-------+-------++-------
  Melee: Unarmed           |    61 |    40 |    96 ||   197
         Constrict         |    20 |    20 |    40 ||    80
         Tentacles         |    12 |    14 |    26 ||    52
         Punch             |     3 |     1 |       ||     4
         Dagger            |       |    24 |     8 ||    32
    Use: Scroll            |       |       |    10 ||    10
         Potion            |       |       |     7 ||     7
   Stab: Sleeping          |     6 |     4 |     3 ||    13
 Armour: Skin              |    19 |    27 |    48 ||    94
  Dodge: Dodged            |    23 |    27 |    75 ||   125
   Form: Flux              |       |       |     1 ||     1

Table legend: (Time is in decaauts)
 A = Elapsed time spent in this place.
 B = Non-inter-level travel time spent in this place.
 C = Inter-level travel time spent in this place.
 D = Time resting spent in this place.
 E = Time spent auto-exploring this place.
 F = Levels seen in this place.
 G = Mean time per level.
                   A        B        C        D        E       F      G
               +--------+--------+--------+--------+--------+-----+--------+
         Total |   3879 |   3766 |    113 |     78 |   2807 |   6 |  646.5 |
       Dungeon |   3365 |   3252 |    113 |     78 |   2428 |   5 |  673.0 |
         Sewer |    514 |    514 |      0 |      0 |    379 |   1 |  514.0 |
               +--------+--------+--------+--------+--------+-----+--------+

Top non-repeatable levels by time:
     D:4: 893 daAuts
     D:3: 835 daAuts
     D:2: 720 daAuts
     D:1: 688 daAuts
   Sewer: 514 daAuts
     D:5: 227 daAuts
